 Dungeon Crawl Stone Soup version 0.30.1-11-g7821555f0a (webtiles) character file.

Game seed: 10811724880000756781

220 booth the Trooper (level 5, -1/47 HPs)
             Began as a Draconian Monk on Nov 1, 2023.
             Slain by Duvessa
             ... wielding a +0 short sword
              (11 damage)
             ... on level 4 of the Dungeon.
             The game lasted 00:12:24 (2546 turns).

booth the Trooper (Draconian Monk)                  Turns: 2546, Time: 00:12:25

Health: -1/47      AC:  6    Str: 14 (16) XL:     5   Next: 64%
Magic:  5/5        EV: 12    Int:  8 (10) God:
Gold:   253        SH:  0    Dex: 10 (13) Spells: 4/4 levels left

rFire   . . .        a - +0 hand axe (elec)
rCold   . . .        c - orb {light}
rNeg    . . .        (body armour unavailable)
rPois   .            (helmet restricted)
rElec   .            (no cloak)
rCorr   .            i - +0 pair of gloves
SInv    .            (no boots)
Will    .....        (no amulet)
Stlth   +            (no ring)
HPRegen 0.27/turn    (no ring)
MPRegen 0.09/turn

%: no passive effects
@: about to teleport, glowing
A: AC +5, unfitting armour, cold-blooded
a: no special abilities


You were on level 4 of the Dungeon.
You visited 1 branch of the dungeon, and saw 4 of its levels.

You collected 253 gold pieces.

Inventory:

Hand Weapons
 a - a +0 hand axe of electrocution (weapon)
Armour
 c - an orb of light (worn)
 i - a +0 pair of gloves (worn)
Jewellery
 k - a +4 ring of protection
Scrolls
 d - a scroll of fear
 g - a scroll of noise {unknown}
 m - a scroll of acquirement {unknown}
 n - a scroll of teleportation
 o - a scroll of vulnerability {unknown}
 p - a scroll of fog
 r - a scroll of poison
Potions
 b - 2 potions of ambrosia
 e - 2 potions of might
 f - a potion of brilliance
 h - a potion of flight
 j - a potion of haste {unknown}
 l - a potion of resistance {unknown}


   Skills:
 + Level 4.8 Fighting
 + Level 4.4 Axes
 + Level 4.0 Dodging


You had 4 spell levels left.
You didn't know any spells.
Your spell library was empty.

Dungeon Overview and Level Annotations

Branches:
Dungeon (4/15)
 Temple: D:4-7

Altars:
Makhleb

Annotations:
D:4 Duvessa


Innate Abilities, Weirdness & Mutations

Your plain brown scales are hard. (AC +5)
You cannot fit into any form of body armour.
You are cold-blooded and may be slowed by cold attacks.


Message History

Dowan is heavily wounded.
Dowan points at you and mumbles some strange words.
The puff of flame misses you.
You hit Dowan. You tail-slap Dowan.
Dowan is almost dead.
Dowan closely misses you. x2
You hit Dowan.
You kill Dowan!
You hear a distant scream of rage.
You feel your intelligence returning.
Your Dodging skill increases to level 4!
Things that are here:
a +0 dagger of speed; a +0 robe; the elf corpse of Dowan You start resting.
Duvessa, Sister of Dowan comes into view.
She is wielding a +0 short sword.
Duvessa goes berserk!
You start resting.
Duvessa is nearby!
You hit Duvessa but do no damage. Duvessa hits you but does no damage.
You hit Duvessa but do no damage.
Duvessa hits you with a +0 short sword! x2
You hit Duvessa.
Duvessa is lightly wounded.
Duvessa hits you with a +0 short sword. Duvessa closely misses you.
You hit Duvessa.
Duvessa is lightly wounded.
Duvessa hits you with a +0 short sword.
Okay, then.
As you read the scroll of teleportation, it crumbles to dust.
You feel strangely unstable. Duvessa hits you with a +0 short sword.
* * * LOW HITPOINT WARNING * * *
Duvessa misses you.
As you read the scroll labelled EWKOIH KOCU, it crumbles to dust.
It is a scroll of brand weapon.
Your +0 hand axe crackles with electricity.
a - a +0 hand axe of electrocution (weapon)
Duvessa barely misses you.
You barely miss Duvessa.
Duvessa is lightly wounded.
Duvessa hits you with a +0 short sword!
You die...

.........##..####
.......∩.###....#
.........# ##...#
.........###..### ..#
.........##..## ...
#.########..## ..## ..#
####.## ...
.######.#..########## .. .
..............@e..##.# ##
#.......#########..#.#...#
..####..# ##..).# ##.#
###.#...# #.# .# ## #.# ..
#.# ..# #.. #.. ##. ###


You could see Duvessa (berserk).

Vanquished Creatures
  Dowan (D:4)
  A hound (D:2)
  A sleepcap (D:4)
  2 adders (D:2)
  A worm (D:3)
  4 dart slugs
  4 orcs
  7 bats
  5 endoplasms
  2 giant cockroaches (D:2)
  8 goblins
  9 hobgoblins
  4 jackals (D:2)
  3 kobolds
  4 quokkas
  7 ball pythons
  2 frilled lizards
  17 rats
82 creatures vanquished.

Notes
Turn   | Place    | Note
-------+----------+-------------------------------------------
     0 | D:1      | booth the Draconian Monk began the quest for the Orb.
     0 | D:1      | Reached XP level 1. HP: 19/19 MP: 1/1
    76 | D:1      | Reached XP level 2. HP: 26/26 MP: 2/2
   473 | D:1      | Reached XP level 3. HP: 33/33 MP: 3/3
   991 | D:2      | Reached XP level 4. HP: 31/40 MP: 4/4
  1326 | D:2      | Found a burning altar of Makhleb.
  2002 | D:3      | Identified the +1 ring mail of Socigucs {Str+3}
  2015 | D:3      | Reached XP level 5. HP: 27/47 MP: 5/5
  2319 | D:3      | Found a faded altar of an unknown god.
  2491 | D:4      | Noticed Dowan
  2514 | D:4      | Killed Dowan
  2535 | D:4      | Noticed Duvessa
  2546 | D:4      | Slain by Duvessa

Illustrated notes

Levels and vault maps discovered:
D:1:      roderic_crop_circles_arrival_small, layout_basic
D:2:      cheibrodos_helix_gallery, layout_basic, basic_altar,
          minmay_gold_behind_fungi, hangedman_decor_points
D:3:      layout_rooms, hellmonk_ecumenical_altar_leap_of_faith
D:4:      layout_rooms, lemuel_doored_altar, abandoned_shop, st_stairs_3,
          minmay_ruptured, uniq_duvessa

Skill      XL: |  1  2  3  4  5 |
---------------+----------------+-----
Dodging        | 3 4 |  4.0
Fighting       | 4 |  4.8
Axes           | 4 |  4.4

Action                     |  1- 3 |  4- 6 || total
---------------------------+-------+-------++-------
  Melee: Hand axe          |   102 |   115 ||   217
         Tailslap          |    12 |    13 ||    25
    Use: Scroll            |     2 |     9 ||    11
         Potion            |     1 |     1 ||     2
 Armour: Skin              |    39 |    25 ||    64
  Dodge: Dodged            |    69 |    66 ||   135
